PAAA
SYRACUSE STARKS @ BATON ROUGE BRASS
08/18/2042
 
TOP OF THE 1ST
Syracuse Starks batting - Pitching for Baton Rouge Brass : RHP José Rodríguez
Pitching: RHP José Rodríguez
Batting: RHB Yoshiki Shimizu 0-0: Ball
1-0: Ball
2-0: Called Strike
2-1: Ball
3-1: Ground out 4-3 (Groundball, 4, EV 91.9 MPH)
Batting: RHB Akke Derksen 0-0: Ball
1-0: Ball
2-0: Ball
3-0: Called Strike
3-1: Foul Ball, location: 2F
3-2: Base on Balls
Batting: RHB Arsenio Laurel 0-0: Ball
Wild Pitch!
Akke Derksen to second
1-0: Ball
2-0: Ball
3-0: Base on Balls
Batting: LHB Martín Pliego 0-0: Ball
1-0: Ball
2-0: Foul Ball, location: 2F
2-1: Foul Ball, location: 2F
2-2: Strikes out swinging
Batting: RHB Luther H. Greene 0-0: Called Strike
0-1: Ball
1-1: Fly out, F4 (Popup, 3S, EV 78.8 MPH)
Top of the 1st over - 0 runs, 0 hits, 0 errors, 2 left on base; Syracuse 0 - Baton Rouge 0
BOTTOM OF THE 1ST
Baton Rouge Brass batting - Pitching for Syracuse Starks : RHP Austin Bizzle
Pitching: RHP Austin Bizzle
Batting: LHB Dave Summers 0-0: Ball
1-0: Called Strike
1-1: Fly out, F2 (Popup, 3SF, EV 73.1 MPH)
Batting: LHB Weston Doyle 0-0: Ball
1-0: SINGLE (Line Drive, 7S, EV 93.1 MPH)
Batting: SHB Alex Warner 0-0: Ball
1-0: Called Strike
1-1: Reached on error, E1 (Groundball, 23, EV 86.2 MPH)
Weston Doyle to second
Batting: SHB Charles Geudre 0-0: Ball
1-0: Ball
2-0: Called Strike
2-1: Fly out, F7 (Flyball, 7LDF, EV 89.4 MPH)
Batting: RHB Jamy Geertsen 0-0: Ball
1-0: Called Strike
1-1: Ball
2-1: Ball
3-1: Called Strike
3-2: Foul Ball, location: 2F
3-2: Foul Ball, location: 2F
3-2: DOUBLE (Line Drive, 78D, EV 105.6 MPH)
Weston Doyle scores
Alex Warner to third
Alex Warner scores
Batting: SHB Vicente Romero 0-0: Fly out, F9 (Flyball, 9LM, EV 108.1 MPH)
Bottom of the 1st over - 2 runs, 2 hits, 1 error, 1 left on base; Syracuse 0 - Baton Rouge 2
TOP OF THE 2ND
Syracuse Starks batting - Pitching for Baton Rouge Brass : RHP José Rodríguez
Batting: RHB Atanza Vongor 0-0: Called Strike
0-1: Fly out, F8 (Line Drive, 8LM, EV 108.8 MPH)
Batting: LHB Bill Gracián 0-0: Called Strike
0-1: Ground out U3 (Groundball, 3, EV 79.4 MPH)
Batting: RHB Patrick Mildren 0-0: Foul Ball, location: 2F
0-1: Swinging Strike
0-2: Strikes out swinging
Top of the 2nd over - 0 runs, 0 hits, 0 errors, 0 left on base; Syracuse 0 - Baton Rouge 2
BOTTOM OF THE 2ND
Baton Rouge Brass batting - Pitching for Syracuse Starks : RHP Austin Bizzle
Batting: RHB Travis Murphy 0-0: Ground out 5-3 (Groundball, 5, EV 81.9 MPH)
Batting: RHB John Birges 0-0: Foul Ball, location: 2F
0-1: SINGLE (Line Drive, 9S, EV 88.1 MPH)
Batting: RHB Emery Nelson 0-0: Ball
1-0: Foul Ball, location: 2F
1-1: Ball
2-1: Ball
3-1: Fly out, F4 (Popup, 4, EV 76.9 MPH)
Batting: LHB Dave Summers 0-0: Ball
1-0: Foul Ball, location: 2F
1-1: Ball
2-1: Called Strike
2-2: Foul Ball, location: 2F
2-2: Ground out 4-3 (Groundball, 4, EV 82.5 MPH)
Bottom of the 2nd over - 0 runs, 1 hit, 0 errors, 1 left on base; Syracuse 0 - Baton Rouge 2
TOP OF THE 3RD
Syracuse Starks batting - Pitching for Baton Rouge Brass : RHP José Rodríguez
Batting: RHB Francisco Agámez 0-0: Ball
1-0: Ball
2-0: Ball
3-0: Fly out, F8 (Flyball, 8LS, EV 86.2 MPH)
Batting: RHB Yoshiki Shimizu 0-0: Ball
1-0: Foul Ball, location: 2F
1-1: Foul Ball, location: 2F
1-2: Ground out 6-3 (Groundball, 6, EV 86.2 MPH)
Batting: RHB Akke Derksen 0-0: Ball
1-0: Called Strike
1-1: Ball
2-1: Ball
3-1: Fly out, F9 (Flyball, 89D, EV 86.9 MPH)
Top of the 3rd over - 0 runs, 0 hits, 0 errors, 0 left on base; Syracuse 0 - Baton Rouge 2
BOTTOM OF THE 3RD
Baton Rouge Brass batting - Pitching for Syracuse Starks : RHP Austin Bizzle
Batting: LHB Weston Doyle 0-0: Fly out, F8 (Flyball, 89M, EV 96.2 MPH)
Batting: SHB Alex Warner 0-0: DOUBLE (Line Drive, 89D, EV 108.1 MPH)
Batting: SHB Charles Geudre 0-0: Called Strike
0-1: Called Strike
0-2: Ball
1-2: DOUBLE (Flyball, 8LXD, EV 101.2 MPH)
Alex Warner scores
Batting: RHB Jamy Geertsen 0-0: Swinging Strike
0-1: Foul Ball, location: 2F
0-2: Fly out, F9 (Flyball, 9S, EV 89.4 MPH)
Batting: SHB Vicente Romero 0-0: Ball
1-0: Ground out 4-3 (Groundball, 4, EV 100.6 MPH)
Bottom of the 3rd over - 1 run, 2 hits, 0 errors, 1 left on base; Syracuse 0 - Baton Rouge 3
TOP OF THE 4TH
Syracuse Starks batting - Pitching for Baton Rouge Brass : RHP José Rodríguez
Batting: RHB Arsenio Laurel 0-0: Called Strike
0-1: Ground out 4-3 (Groundball, 4, EV 87.5 MPH)
Batting: LHB Martín Pliego 0-0: SINGLE (Groundball, 3D, EV 98.8 MPH)
Batting: RHB Luther H. Greene 0-0: SINGLE (Groundball, 6MD, EV 94.4 MPH)
Martín Pliego to second
Batting: RHB Atanza Vongor 0-0: Ball
1-0: SINGLE (Groundball, 34D, EV 107.5 MPH)
Martín Pliego to third
Luther H. Greene to second
Runner from 3rd tries for Home, SAFE, throw by RF to home
Batting: LHB Bill Gracián 0-0: Ball
1-0: Fly out, F9 (Flyball, 9D, EV 93.8 MPH)
Runner from 2nd tags up, SAFE at 3rd, no throw by RF
Batting: RHB Patrick Mildren 0-0: Ball
1-0: Called Strike
1-1: Ball
2-1: Ball
Balk!
Luther H. Greene scores
Atanza Vongor to second
3-1: Ground out 5-3 (Groundball, 56S, EV 90.6 MPH)
Top of the 4th over - 2 runs, 3 hits, 0 errors, 1 left on base; Syracuse 2 - Baton Rouge 3
BOTTOM OF THE 4TH
Baton Rouge Brass batting - Pitching for Syracuse Starks : RHP Austin Bizzle
Batting: RHB Travis Murphy 0-0: SINGLE (Groundball, 34D, EV 106.2 MPH)
Batting: RHB John Birges 0-0: Called Strike
0-1: Foul Ball, location: 2F
0-2: Ball
1-2: Ball
2-2: Ball
3-2: SINGLE (Groundball, 4MD, EV 109.4 MPH)
Travis Murphy to second
Batting: RHB Emery Nelson 0-0: Ball
1-0: Ball
2-0: Swinging Strike
2-1: Ball
3-1: Foul Ball, location: 2F
3-2: Fly out, F9 (Flyball, 89S, EV 86.2 MPH)
Batting: LHB Dave Summers 0-0: Ball
1-0: Ball
2-0: Ball
3-0: Base on Balls
Travis Murphy to third
John Birges to second
Batting: LHB Weston Doyle 0-0: Called Strike
0-1: Called Strike
0-2: Ball
1-2: Foul Ball, location: 2F
1-2: Fly out, F5 (Popup, 5S, EV 80.6 MPH)
Batting: SHB Alex Warner 0-0: Ball
1-0: Ground out 1-3 (Groundball, 34S, EV 87.5 MPH)
Bottom of the 4th over - 0 runs, 2 hits, 0 errors, 3 left on base; Syracuse 2 - Baton Rouge 3
TOP OF THE 5TH
Syracuse Starks batting - Pitching for Baton Rouge Brass : RHP José Rodríguez
Batting: RHB Francisco Agámez 0-0: Ball
1-0: Swinging Strike
1-1: Called Strike
1-2: Ball
2-2: Strikes out swinging
Batting: RHB Yoshiki Shimizu 0-0: Fly out, F8 (Line Drive, 8LD, EV 93.1 MPH)
Batting: RHB Akke Derksen 0-0: Called Strike
0-1: Ball
1-1: Ball
2-1: Swinging Strike
2-2: Ball
3-2: Foul Ball, location: 2F
3-2: Foul Ball, location: 2F
3-2: Strikes out looking
Top of the 5th over - 0 runs, 0 hits, 0 errors, 0 left on base; Syracuse 2 - Baton Rouge 3
BOTTOM OF THE 5TH
Baton Rouge Brass batting - Pitching for Syracuse Starks : RHP Austin Bizzle
Batting: SHB Charles Geudre 0-0: Called Strike
0-1: Fly out, F4 (Popup, 4, EV 77.5 MPH)
Batting: RHB Jamy Geertsen 0-0: SOLO HOME RUN (Flyball, 78XD, EV 103.1 MPH), Distance : 424 ft
Batting: SHB Vicente Romero 0-0: Foul Ball, location: 2F
0-1: Fly out, F6 (Popup, 6MD, EV 52.5 MPH)
Batting: RHB Travis Murphy 0-0: Ball
1-0: Foul Ball, location: 2F
1-1: Ground out 4-3 (Groundball, 4, EV 83.1 MPH)
Bottom of the 5th over - 1 run, 1 hit, 0 errors, 0 left on base; Syracuse 2 - Baton Rouge 4
TOP OF THE 6TH
Syracuse Starks batting - Pitching for Baton Rouge Brass : RHP José Rodríguez
Batting: RHB Arsenio Laurel 0-0: Ball
1-0: Ground out 4-3 (Groundball, 4S, EV 65.0 MPH)
Batting: LHB Martín Pliego 0-0: SINGLE (Groundball, 4D, EV 98.8 MPH)
Batting: RHB Luther H. Greene 0-0: Foul Ball, location: 2F
0-1: Foul Ball, location: 2F
0-2: Hit by Pitch
Martín Pliego to second
Batting: RHB Atanza Vongor 0-0: Ball
1-0: Foul Ball, location: 2F
1-1: Foul Ball, location: 2F
1-2: Strikes out swinging
Batting: LHB Bill Gracián 0-0: Ground out U3 (Groundball, 34, EV 78.1 MPH)
Top of the 6th over - 0 runs, 1 hit, 0 errors, 2 left on base; Syracuse 2 - Baton Rouge 4
BOTTOM OF THE 6TH
Baton Rouge Brass batting - Pitching for Syracuse Starks : RHP Austin Bizzle
Batting: RHB John Birges 0-0: Called Strike
0-1: Foul Ball, location: 2F
0-2: Ball
1-2: Strikes out swinging, 2-3 out at first.
Batting: RHB Emery Nelson 0-0: Called Strike
0-1: Ground out 4-3 (Groundball, 4, EV 105.6 MPH)
Batting: LHB Dave Summers 0-0: Called Strike
0-1: Foul Ball, location: 2F
0-2: Fly out, F8 (Line Drive, 8LM, EV 103.8 MPH)
Bottom of the 6th over - 0 runs, 0 hits, 0 errors, 0 left on base; Syracuse 2 - Baton Rouge 4
TOP OF THE 7TH
Syracuse Starks batting - Pitching for Baton Rouge Brass : RHP José Rodríguez
Batting: RHB Patrick Mildren 0-0: Hit by Pitch
Batting: RHB Francisco Agámez 0-0: Called Strike
0-1: Foul Ball, location: 2F
0-2: Fielders Choice at 2nd, 4-6 (Groundball, 4, EV 76.9 MPH)
Batting: RHB Yoshiki Shimizu 0-0: Ball
1-0: Fly out, F8 (Flyball, 8LM, EV 89.4 MPH)
Batting: RHB Akke Derksen 0-0: Foul Ball, location: 2F
0-1: Ball
1-1: Ball
2-1: Foul Ball, location: 2F
2-2: Foul Ball, location: 2F
2-2: Ball
3-2: Foul Ball, location: 2F
3-2: Fly out, F1 (Line Drive, P, EV 64.4 MPH)
Top of the 7th over - 0 runs, 0 hits, 0 errors, 1 left on base; Syracuse 2 - Baton Rouge 4
BOTTOM OF THE 7TH
Baton Rouge Brass batting - Pitching for Syracuse Starks : RHP Austin Bizzle
Batting: LHB Weston Doyle 0-0: Ball
1-0: Ball
2-0: SOLO HOME RUN (Flyball, 89XD, EV 99.4 MPH), Distance : 406 ft
Batting: SHB Alex Warner 0-0: Called Strike
0-1: Ball
1-1: Foul Ball, location: 2F
1-2: Ball
2-2: Foul Ball, location: 2F
2-2: Foul Ball, location: 2F
2-2: Fly out, F4 (Line Drive, 4, EV 70.0 MPH)
Batting: SHB Charles Geudre 0-0: Ground out 2-3 (Groundball, 13S, EV 70.6 MPH)
Batting: RHB Jamy Geertsen 0-0: Foul Ball, location: 2F
0-1: Called Strike
0-2: Ball
1-2: Foul Ball, location: 2F
1-2: SINGLE (Flyball, 8LS, EV 91.2 MPH)
Batting: SHB Vicente Romero 0-0: Ball
1-0: Ball
2-0: Fly out, F7 (Flyball, 7, EV 90.6 MPH)
Bottom of the 7th over - 1 run, 2 hits, 0 errors, 1 left on base; Syracuse 2 - Baton Rouge 5
TOP OF THE 8TH
Syracuse Starks batting - Pitching for Baton Rouge Brass : RHP José Rodríguez
Batting: RHB Arsenio Laurel 0-0: Ball
1-0: Swinging Strike
1-1: Ball
2-1: Ball
3-1: SINGLE (Line Drive, 7S, EV 108.1 MPH)
Pitching: RHP Fernando Nava
Batting: LHB Martín Pliego 0-0: Ball
1-0: Ball
2-0: Foul Ball, location: 2F
2-1: Foul Ball, location: 2F
2-2: Fly out, F5 (Line Drive, 5, EV 66.9 MPH)
Batting: RHB Luther H. Greene 0-0: Swinging Strike
0-1: Foul Ball, location: 2F
0-2: Foul Ball, location: 2F
0-2: Ball
1-2: Grounds into double play, 4-6-3 (Groundball, 34, EV 104.4 MPH)
Top of the 8th over - 0 runs, 1 hit, 0 errors, 0 left on base; Syracuse 2 - Baton Rouge 5
BOTTOM OF THE 8TH
Baton Rouge Brass batting - Pitching for Syracuse Starks : RHP Austin Bizzle
Pitching: LHP Jeffery Brock
Batting: RHB Travis Murphy 0-0: Ball
1-0: Foul Ball, location: 2F
1-1: Fly out, F7 (Flyball, 7, EV 76.9 MPH)
Batting: RHB John Birges 0-0: Foul Ball, location: 2F
0-1: SINGLE (Groundball, 56D, EV 98.1 MPH)
Batting: RHB Emery Nelson 0-0: Swinging Strike
0-1: Foul Ball, location: 2F
0-2: Foul Ball, location: 2F
0-2: Ball
1-2: Strikes out swinging
Batting: LHB Dave Summers 0-0: Swinging Strike
0-1: Ball
1-1: Ball
2-1: SINGLE (Line Drive, 56D, EV 94.4 MPH)
John Birges to second
Batting: LHB Weston Doyle 0-0: Ball
1-0: Foul Ball, location: 2F
1-1: Swinging Strike
1-2: Foul Ball, location: 2F
1-2: Fly out, F8 (Line Drive, 8LD, EV 93.1 MPH)
Bottom of the 8th over - 0 runs, 2 hits, 0 errors, 2 left on base; Syracuse 2 - Baton Rouge 5
TOP OF THE 9TH
Syracuse Starks batting - Pitching for Baton Rouge Brass : RHP Fernando Nava
Batting: RHB Atanza Vongor 0-0: Ball
1-0: Swinging Strike
1-1: Ball
2-1: Foul Ball, location: 2F
2-2: Foul Ball, location: 2F
2-2: Ground out 2-3 (Groundball, 13S, EV 67.5 MPH)
Batting: LHB Bill Gracián 0-0: Swinging Strike
0-1: Swinging Strike
0-2: Foul Ball, location: 2F
0-2: Strikes out swinging
Batting: RHB Patrick Mildren 0-0: Called Strike
0-1: Ground out 6-3 (Groundball, 6, EV 111.2 MPH)
Top of the 9th over - 0 runs, 0 hits, 0 errors, 0 left on base; Syracuse 2 - Baton Rouge 5
Friday, March 26th, 2021 - OOTP Baseball 20.8 Build 74